 Dungeon Crawl Stone Soup version 0.18-a0-867-gfd1cc8f (webtiles) character file.

10642 Ijustatesigmund the Destroyer (level 11, -3/64 HPs)
             Began as a Gargoyle Conjurer on Dec 18, 2015.
             Was a High Priest of Okawaru.
             Slain by a yak (9 damage)
             ... on level 11 of the Dungeon on Dec 21, 2015.
             The game lasted 01:13:12 (14609 turns).

Ijustatesigmund the Destroyer (Gargoyle Conjurer)  Turns: 14609, Time: 01:13:12

Health: -3/64      AC: 13    Str: 17    XL:     11   Next: 65%
Magic:  11/29      EV: 12    Int: 19    God:    Okawaru [*****.]
Gold:   697        SH:  0    Dex: 10    Spells: 6 memorised, 4 levels left

rFire  + . .     SeeInvis .     n - +1 morningstar
rCold  . . .     Gourm    +     g - +2 robe {rN+}
rNeg   + + .     Faith    .     (no shield)
rPois  ∞         Spirit   .     r - +1 hat
rElec  +         Dismiss  .     (no cloak)
rCorr  .         Reflect  .     F - +0 pair of gloves
SustAt .         Harm     .     (no boots)
MR     .....                    p - amulet of the gourmand
Stlth  +++.......               o - ring of protection from fire
                                h - ring of magical power

@: mighty, manticore barbs, very slightly contaminated, hasted, very quick, not
resistant to hostile enchantments, fairly stealthy
A: negative energy resistance 1, sense surroundings 1, regeneration 1,
electricity resistance, unbreathing, petrification resistance, rot immunity, AC
+7
a: Heroism, Finesse, Renounce Religion


You were on level 11 of the Dungeon.
You worshipped Okawaru.
Okawaru was extremely pleased with you.
You were not hungry.

You visited 3 branches of the dungeon, and saw 13 of its levels.

You collected 697 gold pieces.

Inventory:

Hand Weapons
 f - a +0 flail
 n - a +1 morningstar (weapon)
Missiles
 d - 6 tomahawks of returning
 t - 4 throwing nets
 y - 2 javelins of penetration (quivered)
 E - 3 silver javelins
Armour
 g - a +2 robe of positive energy (worn)
 m - a +0 buckler
 r - a +1 hat (worn)
 B - a steam dragon hide
 F - a +0 pair of gloves (worn)
 J - a +0 ice dragon armour
Jewellery
 h - a ring of magical power (left hand)
 o - a ring of protection from fire (right hand)
 p - an amulet of the gourmand (around neck)
 x - a +3 ring of dexterity
 C - an uncursed ring of flight
Wands
 G - a wand of lightning (3/15)
Scrolls
 s - 2 scrolls of fog
 w - 2 scrolls of remove curse
Potions
 a - 2 potions of mutation
 j - a potion of cancellation {unknown}
 k - 2 potions of curing
 q - a potion of lignification
Books
 b - a book of Conjurations

   Spells                             Type                      Level
   a - Magic Dart                     Conjuration                  1
   b - Searing Ray                    Conjuration                  2
   c - Dazzling Spray                 Conjuration/Hexes            3
   d - Fulminant Prism                Conjuration/Hexes            4
   e - Iskenderun's Mystic Blast      Conjuration                  4
   f - Iskenderun's Battlesphere      Conjuration/Charms           5
 c - a Fen Folio

   Spells                             Type                      Level
   a - Corpse Rot                     Necromancy                   2
   b - Stone Arrow                    Conjuration/Earth            3
   c - Leda's Liquefaction            Hexes/Earth                  4
   d - Summon Forest                  Summoning/Translocation      5
   e - Hydra Form                     Transmutation                6
   f - Summon Hydra                   Summoning                    7
 H - a book of Fire

   Spells                             Type                      Level
   a - Ignite Poison                  Fire/Transmutation/Poison    3
   b - Fireball                       Conjuration/Fire             5
   c - Bolt of Fire                   Conjuration/Fire             6
   d - Delayed Fireball               Conjuration/Fire             7
   e - Ring of Flames                 Charms/Fire                  7
 K - a book of Power

   Spells                             Type                      Level
   a - Fulminant Prism                Conjuration/Hexes            4
   b - Iskenderun's Mystic Blast      Conjuration                  4
   c - Venom Bolt                     Conjuration/Poison           5
   d - Bolt of Magma                  Conjuration/Fire/Earth       5
   e - Iron Shot                      Conjuration/Earth            6
   f - Orb of Destruction             Conjuration                  7
   g - Spellforged Servitor           Conjuration/Summoning        7
Comestibles
 i - 7 bread rations
 l - 8 beef jerkies
 v - a meat ration
 z - 2 slices of pizza
 A - a royal jelly
 I - 5 fruits


   Skills:
 + Level 6.0 Fighting
 - Level 6.2 Maces & Flails
 - Level 1.5 Dodging
 + Level 6.7 Stealth
 - Level 6.0 Spellcasting
 - Level 9.3 Conjurations
 - Level 3.8 Hexes
 - Level 7.0 Charms
 - Level 7.8 Invocations


You had 4 spell levels left.
You knew the following spells:

 Your Spells              Type           Power        Failure   Level  Hunger
a - Magic Dart            Conj           ####         1%          1    None
b - Searing Ray           Conj           #####.       1%          2    None
c - Dazzling Spray        Conj/Hex       ####....     1%          3    ##.....
d - Iskenderun's Battles  Conj/Chrm      #####...     12%         5    #####..
e - Iskenderun's Mystic   Conj           #####...     2%          4    ####...
f - Stone Arrow           Conj/Erth      ###...       6%          3    ##.....


Dungeon Overview and Level Annotations

Branches:
Dungeon (11/15)            Temple (1/1) D:4             Orc (1/2) D:9
   Lair: D:8-11

Altars:
Ashenzari
Cheibriados
Dithmenos
Elyvilon
Gozag
Kikubaaqudgha
Makhleb
Nemelex Xobeh
Okawaru
Pakellas
Qazlal
Ru
Sif Muna
Trog
Vehumet
Xom
Yredelemnul
Zin
The Shining One

Annotations:
D:7 exclusion: statue
D:8 Joseph


Innate Abilities, Weirdness & Mutations

You are resistant to torment.
Your stone body is resilient (AC +7).
You are immune to poison.
You resist negative energy.
You are resistant to electric shocks.
You can survive without breathing.
You are immune to petrification.
You are immune to rotting.
You passively map a small area around you.
Your natural rate of healing is unusually fast.


Message History

The yak gores you! x2
* * * LOW HITPOINT WARNING * * *
The yak gores you!
* * * LOW HITPOINT WARNING * * *
A crimson imp comes into view. It is wielding a hand axe.
Read which item? (? for menu, Esc to quit)
Okay, then.
Drink which item? (? for menu, Esc to quit)
Okay, then.
Casting: Dazzling Spray
Confirm with . or Enter, or press ? or * to list all spells.
Aiming: Dazzling Spray
Press: ? - help, Shift-Dir - straight line, f - yak
Aim: a yak The spray of energy hits the yak.
The yak is lightly wounded.
The yak is dazzled.
The spray of energy hits the yak.
The yak is severely wounded.
The spray of energy hits the yak.
The yak gores you!
You die...

#######.., ......... ,
........#* #............
, ..###...# #............
..# #...####............
..# #...................
..# #.........# .....5.,
..###.........###.......
................YYY.....
,
................@YY.....,
,
########################


You could see 5 yaks and a crimson imp.

Vanquished Creatures
  Erica (D:8)
  A hill giant (D:11)
  A cyclops (D:11)
  A deep elf mage (D:11)
  The ghost of M4edhros the Covert, a novice OpAr (D:6)
  A centaur skeleton (D:7)
  A two-headed ogre (D:8)
  A wraith (D:10)
  Sigmund (D:2)
  The ghost of kip the Covered, an amateur MiFi of Ru (D:3)
  2 steam dragons (D:8)
  3 yaks (D:9)
  3 hippogriffs
  5 orc warriors
  5 sky beasts
  6 ice beasts
  3 black bears
  8 ogres
  2 phantoms
  A crocodile (D:10)
  7 centaurs
  7 giant frogs
  A wyvern skeleton (D:11)
  5 scorpions
  The ghost of M4edhros the Charlatan, a weakling OpAr (D:5)
  3 crimson imps
  10 killer bees
  2 centaur zombies
  5 hounds
  2 giant frog skeletons
  2 jellies
  5 orc priests
  6 worker ants
  9 orc wizards
  3 iguanas
  A hound zombie (D:9)
  A hound skeleton (D:6)
  3 worker ant zombies
  7 gnolls
  22 adders
  An ooze (D:3)
  4 shadow imps
  2 adder skeletons (D:7)
  5 worms
  4 giant geckos
  42 orcs
  A ball python (D:5)
  10 bats
  5 giant cockroaches
  12 goblins
  13 hobgoblins
  11 jackals
  5 quokkas
  A giant gecko zombie (D:8)
  9 giant newts
  7 kobolds
  A quokka skeleton (D:4)
  12 rats
295 creatures vanquished.

Vanquished Creatures (others)
  An orc wizard (D:5)
1 creature vanquished.

Grand Total: 296 creatures vanquished

Notes
Turn   | Place    | Note
--------------------------------------------------------------
     0 | D:1      | Ijustatesigmund the Gargoyle Conjurer began the quest for the Orb.
     0 | D:1      | Reached XP level 1. HP: 10/10 MP: 3/3
   348 | D:1      | Reached skill level 1 in Fighting
   384 | D:1      | Reached XP level 2. HP: 16/16 MP: 1/5
   804 | D:1      | Reached XP level 3. HP: 16/21 MP: 0/7
  1347 | D:2      | Noticed Sigmund
  1526 | D:3      | Reached XP level 4. HP: 7/27 MP: 0/8
  1750 | D:4      | Learned a level 2 spell: Searing Ray
  1856 | D:3      | Noticed a hippogriff
  1860 | D:3      | Found a stormy altar of Qazlal.
  1903 | D:3      | Noticed kip's ghost (amateur MiFi)
  2156 | D:2      | Reached skill level 5 in Conjurations
  2357 | D:3      | Reached XP level 5. HP: 27/31 MP: 1/9
  2425 | D:3      | Learned a level 3 spell: Dazzling Spray
  2606 | D:3      | Reached skill level 1 in Hexes
  2997 | D:3      | Gained mutation: You passively map a small area around you. [potion of beneficial mutation]
  3633 | D:2      | Found an opulent altar of Gozag.
  4125 | D:2      | Killed Sigmund
  4125 | D:2      | Reached skill level 6 in Conjurations
  4125 | D:2      | Reached XP level 6. HP: 12/36 MP: 0/10
  4368 | D:3      | Killed a hippogriff
  4368 | D:3      | Reached XP level 7. HP: 33/40 MP: 2/11
  4653 | D:3      | Killed kip's ghost
  4653 | D:3      | Reached skill level 7 in Conjurations
  4846 | D:4      | Found a staircase to the Ecumenical Temple.
  4855 | Temple   | Entered the Ecumenical Temple
  5570 | D:4      | Found an iron altar of Okawaru.
  5578 | D:4      | Became a worshipper of Warmaster Okawaru
  5677 | D:4      | Reached XP level 8. HP: 29/46 MP: 12/12
  5788 | D:5      | Entered Level 5 of the Dungeon
  5854 | D:5      | Noticed M4edhros's ghost (weakling OpAr)
  5860 | D:5      | Killed M4edhros's ghost
  6584 | D:5      | Reached skill level 5 in Maces & Flails
  6938 | D:5      | Found a burning altar of Makhleb.
  7234 | D:6      | Noticed M4edhros's ghost (novice OpAr)
  7354 | D:6      | Reached * piety under Okawaru
  7746 | D:6      | Killed M4edhros's ghost
  7746 | D:6      | Reached skill level 5 in Spellcasting
  7746 | D:6      | Reached XP level 9. HP: 49/51 MP: 2/17
  7916 | D:6      | Learned a level 5 spell: Iskenderun's Battlesphere
  7980 | D:6      | Reached ** piety under Okawaru
  7980 | D:6      | Reached skill level 1 in Charms
  8665 | D:6      | Reached skill level 1 in Invocations
  8689 | D:6      | Found a stormy altar of Qazlal.
  8757 | D:6      | Found an oddly glowing altar of Pakellas.
  9313 | D:6      | Found a bloodstained altar of Trog.
  9401 | D:7      | Reached *** piety under Okawaru
  9735 | D:7      | Reached XP level 10. HP: 56/56 MP: 19/19
  9780 | D:7      | Found a radiant altar of Vehumet.
  9862 | D:7      | Reached skill level 5 in Charms
  9862 | D:7      | Reached skill level 5 in Invocations
  9902 | D:7      | Received a gift from Okawaru
 10302 | D:7      | Learned a level 4 spell: Iskenderun's Mystic Blast
 10732 | D:8      | Reached **** piety under Okawaru
 10732 | D:8      | Reached skill level 8 in Conjurations
 11369 | D:8      | Found a shattered altar of Ashenzari.
 11370 | D:8      | Noticed Erica
 11377 | D:8      | Noticed Joseph
 11382 | D:8      | Killed Erica
 11396 | D:9      | Reached skill level 9 in Conjurations
 11630 | D:9      | Reached XP level 11. HP: 50/60 MP: 12/20
 11822 | D:9      | Found a staircase to the Orcish Mines.
 11835 | Orc:1    | Entered Level 1 of the Orcish Mines
 12507 | D:9      | Received a gift from Okawaru
 12925 | D:10     | Entered Level 10 of the Dungeon
 13368 | D:10     | Gained mutation: Your natural rate of healing is unusually fast. [potion of beneficial mutation]
 13474 | D:10     | Found an oddly glowing altar of Pakellas.
 13680 | D:10     | Reached skill level 5 in Stealth
 13699 | D:10     | Reached ***** piety under Okawaru
 13717 | D:10     | Noticed a hill giant
 13989 | D:9      | Upgraded the game from 0.18-a0-844-g9229740 to 0.18-a0-867-gfd1cc8f
 14239 | D:11     | Reached skill level 5 in Fighting
 14371 | D:11     | Noticed a hill giant
 14383 | D:11     | Killed a hill giant
 14511 | D:11     | Learned a level 3 spell: Stone Arrow
 14609 | D:11     | Slain by a yak

Vault maps used:
D:1:      lemuel_arrival_muddy
D:2:      nicolae_gozag_seed_capital, uniq_sigmund
D:3:      nicolae_overflow_crystal_walls, first_bread, minmay_misc_feat_rows,
          minmay_splitting_lines
D:4:      temple_fountains, okawaru_altar_gauntlet_db
D:5:      lightli_temple_of_fire
D:6:      lemuel_coloured_pillars_altar, basic_altar, trog_hazing_becter
D:7:      vehumet_statue, serial_curves, eino_curves_02, eino_curves_03,
          grunt_ogre_cave
D:8:      grunt_temple_overflow_open, minivault_19, nicolae_sextant,
          amethyst_killhole, uniq_erica, uniq_joseph
D:9:      orc_0_dummy, fungi_pond_lemuel
D:10:     basic_altar, minmay_beelzebubs_servants
D:11:     david_lair_shrubbed, serial_glass, glass_columns_b, glass_columns_a
Temple:   circular_temple_12

Action                   |  1- 3 |  4- 6 |  7- 9 | 10-12 || total
-------------------------+-------+-------+-------+-------++-------
Melee: Unarmed           |    24 |       |       |       ||    24
       Dagger            |   102 |    61 |       |       ||   163
       Scythe            |       |     1 |    28 |       ||    29
       Morningstar       |       |       |   107 |   314 ||   421
Throw: Javelin           |       |       |       |     3 ||     3
 Cast: Magic Dart        |    56 |    78 |   222 |   187 ||   543
       Searing Ray       |       |    14 |    21 |    17 ||    52
       Dazzling Spray    |       |     4 |    45 |    66 ||   115
       Iskenderun's Myst |       |       |       |     9 ||     9
       Iskenderun's Batt |       |       |       |    11 ||    11
Evoke: Wand              |       |       |       |     1 ||     1
  Use: Scroll            |       |     4 |     6 |    10 ||    20
       Potion            |       |     2 |     1 |     6 ||     9
 Stab: Sleeping          |     1 |     2 |     1 |     4 ||     8
       Invisible         |       |     2 |     3 |     7 ||    12
       Distracted        |       |       |     1 |       ||     1
  Eat: Chunk             |     2 |     4 |    23 |    19 ||    48
       Bread ration      |       |     2 |       |       ||     2
       Pizza             |       |       |     1 |       ||     1
       Beef jerky        |       |       |     1 |       ||     1
